 Dungeon Crawl Stone Soup version 0.27-a0-1228-gfd60fd639a (webtiles) character file.

Game seed: 4248684515163129858

3164 Gwenloh the Cleaver (level 9, -13/82 HPs)
             Began as a Hill Orc Berserker on June 8, 2021.
             Was an Elder of Trog.
             Mangled by a komodo dragon (18 damage)
             ... on level 8 of the Dungeon.
             The game lasted 00:20:59 (8952 turns).

Gwenloh the Cleaver (Hill Orc Berserker)            Turns: 8952, Time: 00:20:59

Health: -13/82     AC: 11    Str: 20    XL:     9   Next: 94%
Magic:  9/9        EV: 11    Int:  7    God:    Trog [****..]
Gold:   331        SH:  0    Dex: 13    Spells: 8/8 levels left

rFire    . . .     SeeInvis .   n - +3 quarterstaff (chaos)
rCold    . . .     Faith    .   (shield currently unavailable)
rNeg     . . .     Spirit   .   O - +0 swamp dragon scales
rPois    +         Reflect  .   j - +0 helmet
rElec    .         Harm     .   o - +0 cloak
rCorr    .         Rampage  .   (no gloves)
Will     +++..                  (no boots)
Stlth    +.........             (no amulet)
HPRegen  1.23/turn              u - ring of willpower
MPRegen  0.11/turn              g - ring of flight

@: strong-willed, on berserk cooldown, flying, regenerating, slowed, very slow
A: no striking features
a: Renounce Religion, Berserk, Trog's Hand, Brothers in Arms


You were on level 8 of the Dungeon.
You worshipped Trog.
Trog was greatly pleased with you.
You visited 2 branches of the dungeon, and saw 9 of its levels.
You also visited: Sewer.

You collected 331 gold pieces.

Inventory:

Hand Weapons
 a - a +0 war axe
 n - a +3 quarterstaff of chaos (weapon)
 q - a +1 flail of holy wrath
 N - a +2 halberd of flaming
Missiles
 b - 6 boomerangs (quivered)
 d - 74 bolts
 f - 201 stones
 h - 75 sling bullets
 s - 7 curare-tipped darts
Armour
 j - a +0 helmet (worn)
 o - a +0 cloak (worn)
 O - +0 swamp dragon scales (worn)
Jewellery
 g - a ring of flight (right hand)
 u - a ring of willpower (left hand)
 H - a +6 ring of dexterity
 P - a ring of wizardry
Wands
 C - a wand of polymorph (6)
Scrolls
 i - a scroll of fear {unknown}
 r - a scroll of blinking
 t - a scroll of torment
 v - a scroll of summoning {unknown}
 y - a scroll of magic mapping
 A - 2 scrolls of immolation
 D - a scroll of enchant weapon {unknown}
 E - a scroll of identify
 G - a scroll of enchant armour {unknown}
 I - a scroll of teleportation {unknown}
 K - a scroll of vulnerability {unknown}
 M - a scroll of fog {unknown}
Potions
 c - a potion of degeneration {unknown}
 e - 2 potions of cancellation {unknown}
 k - 2 potions of mutation {unknown}
 l - 4 potions of curing {unknown}
 m - a potion of ambrosia {unknown}
 p - a potion of heal wounds {unknown}
 w - a potion of brilliance {unknown}
 x - a potion of magic {unknown}
 z - a potion of attraction {unknown}
 B - 2 potions of haste
 F - a potion of invisibility
 J - 2 potions of berserk rage {unknown}
 L - 2 potions of flight {unknown}


   Skills:
 + Level 8.4 Fighting
 * Level 14.4 Axes
 - Level 5.0 Armour
 - Level 1.5 Dodging


You had 8 spell levels left.
You didn't know any spells.
Your spell library was empty.

Dungeon Overview and Level Annotations

Branches:
Dungeon (8/15)             Temple (1/1) D:7           Sewer (visited)
   Lair: D:8-11

Altars:
Ashenzari
Cheibriados
Dithmenos
Elyvilon
Hepliaklqana
Nemelex Xobeh
Okawaru
Qazlal
Ru
Sif Muna
Trog
Vehumet
Wu Jian
Xom
Yredelemnul
Zin
The Shining One


Message History

A red film seems to cover your vision as you go berserk!
You feel yourself moving faster!
You feel mighty! The komodo dragon bites you. The scorpion stings you.
You barely miss the komodo dragon.
The scorpion stings you but does no damage.
The komodo dragon bites you.
You sock the komodo dragon!
The komodo dragon is poisoned.
The komodo dragon is lightly wounded.
The scorpion closely misses you. The komodo dragon bites you!
You closely miss the komodo dragon.
The komodo dragon is lightly wounded.
The scorpion stings you. The komodo dragon barely misses you.
You hit the komodo dragon. You burn the komodo dragon.
The komodo dragon is moderately wounded.
The scorpion stings you but does no damage.
The komodo dragon bites you!!
You closely miss the komodo dragon.
The komodo dragon is moderately wounded.
The scorpion stings you but does no damage.
The scorpion stings you but does no damage.
You feel a strong urge to attack something.
You barely miss the scorpion. The scorpion barely misses you.
You barely miss the scorpion. The scorpion barely misses you.
You thump the scorpion!
The scorpion appears confused.
The scorpion is almost dead.
You are no longer berserk.
You are exhausted.
You feel yourself slow down.
The scorpion stings you but does no damage.
You sock the scorpion!
You kill the scorpion!
Trog accepts your kill. The komodo dragon bites you!
* * * LOW HITPOINT WARNING * * *
You barely miss the komodo dragon.
The komodo dragon is moderately wounded.
The komodo dragon bites you!!
* * * LOW HITPOINT WARNING * * *
The komodo dragon bites you!!
You die...

#."
#.............##
#...
#.........#####
#.... ##.......##
##...####.........#
#.................#
#s....#.........# #
#.#.........#
#.#...........#
#...##@......##
###..l#.....##
###.#..#### #.#..#
#....# ##....
>....# ..... .....


You could see a komodo dragon (poisoned).

Vanquished Creatures
  Maggie (D:6)
  3 wyverns
  3 water moccasins
  2 ice beasts
  2 orc warriors
  Duvessa (D:6)
  A necrophage (D:5)
  2 centaurs
  A phantom (D:5)
  A kobold brigand (D:6)
  2 bullfrogs
  A wyvern zombie (D:7)
  Dowan (D:6)
  2 scorpions
  A wyvern skeleton (D:7)
  2 jellies
  4 orc priests
  Crazy Yiuf (D:2)
  2 gnoll shamans (D:7)
  An iguana (D:6)
  6 orc wizards
  2 hound skeletons (D:4)
  A mummy (D:6)
  18 gnolls
  6 adders
  A shadow imp (D:5)
  A white imp (D:5)
  2 ufetubi
  An adder skeleton (D:2)
  A worm (D:5)
  4 dart slugs
  30 orcs
  10 bats
  5 endoplasms
  6 giant cockroaches
  4 goblins
  6 hobgoblins
  6 jackals
  7 quokkas
  6 ball pythons
  4 frilled lizards
  6 kobolds
  A kobold zombie (D:6)
  3 orc zombies (D:6)
  7 rats
178 creatures vanquished.

Vanquished Creatures (others)
  38 fungi (D:8)
  33 plants (D:8)
71 creatures vanquished.

Grand Total: 249 creatures vanquished

Notes
Turn   | Place    | Note
-------+----------+-------------------------------------------
     0 | D:1      | Gwenloh the Hill Orc Berserker began the quest for the Orb.
     0 | D:1      | Reached XP level 1. HP: 19/19 MP: 1/1
   149 | D:1      | Reached XP level 2. HP: 24/26 MP: 2/2
   347 | D:1      | Reached skill level 5 in Axes
   548 | D:1      | Reached ** piety under Trog
   949 | D:2      | Reached XP level 3. HP: 30/31 MP: 3/3
  1431 | D:2      | Found a faded altar of an unknown god.
  1539 | D:2      | Found a runed translucent door.
  1540 | D:2      | Noticed Crazy Yiuf
  1932 | D:2      | Killed Crazy Yiuf
  1933 | D:2      | Reached skill level 6 in Axes
  1933 | D:2      | Reached XP level 4. HP: 39/39 MP: 4/4
  2066 | D:3      | Reached XP level 5. HP: 45/45 MP: 5/5
  2378 | D:3      | Found a stormy altar of Qazlal.
  2526 | D:3      | Reached skill level 7 in Axes
  2748 | D:3      | Reached *** piety under Trog
  3046 | D:4      | Reached XP level 6. HP: 51/51 MP: 6/6
  3275 | D:4      | Found a glowing drain.
  3285 | Sewer    | Entered a sewer
  3339 | Sewer    | Noticed a water moccasin
  3351 | Sewer    | Killed a water moccasin
  3352 | Sewer    | Reached skill level 8 in Axes
  3718 | D:4      | Reached XP level 7. HP: 57/57 MP: 7/7
  3739 | D:4      | Reached skill level 9 in Axes
  3742 | D:4      | Reached skill level 5 in Armour
  4307 | D:4      | Identified the +1 ring mail of Riodgh {Str+3}
  4371 | D:5      | Entered Level 5 of the Dungeon
  4377 | D:5      | Reached skill level 10 in Axes
  4876 | D:5      | You are sucked into a shaft and drop 1 floor!
  5120 | D:5      | Reached XP level 8. HP: 47/66 MP: 8/8
  5476 | D:5      | Reached skill level 11 in Axes
  5709 | D:5      | Reached skill level 5 in Fighting
  6013 | D:6      | Reached **** piety under Trog
  6158 | D:6      | Reached skill level 12 in Axes
  6413 | D:6      | Noticed Duvessa
  6413 | D:6      | Noticed Dowan
  6432 | D:6      | Killed Duvessa
  6467 | D:6      | Killed Dowan
  6468 | D:6      | Reached XP level 9. HP: 11/78 MP: 9/9
  6773 | D:6      | Noticed Maggie
  6787 | D:6      | Killed Maggie
  6872 | D:6      | Reached skill level 13 in Axes
  7928 | D:7      | Found a staircase to the Ecumenical Temple.
  8239 | D:7      | Reached skill level 14 in Axes
  8671 | Temple   | Entered the Ecumenical Temple
  8933 | D:8      | Noticed a komodo dragon
  8952 | D:8      | Mangled by a komodo dragon

Illustrated notes

Levels and vault maps discovered:
D:1:      moated_graveyard_arrival, layout_basic,
          chequers_serial_rivers_micro_d, glass_columns_a
D:2:      layout_basic, hellmonk_ecumenical_altar_dog_temple, kennysheep_nub,
          uniq_crazy_yiuf_cottage
D:3:      layout_basic, old_standard_altar, amcnicky_mini_corridor_feature
D:4:      layout_basic, cheibrodos_sewer_entry_drain
D:5:      layout_loops_corners, grunt_decor_resistance
D:6:      layout_loops_ring, chequers_serial_rivers_micro_d,
          minmay_mini_ossuary, uniq_maggie, uniq_duvessa
D:7:      layout_basic, minmay_temple_entry_mist, hangedman_decor_lopped
D:8:      layout_rooms, due_lair_maze_entry_diamond
Temple:   regret_index_temple_sphere_string

Skill      XL: |  1  2  3  4  5  6  7  8  9 |
---------------+----------------------------+-----
Axes           | 5 6 7 8 10 12 14 | 14.4
Armour         | 3 4 5 |  5.0
Fighting       | 4 6 8 |  8.4
Dodging        | |  1.5

Action                   |  1- 3 |  4- 6 |  7- 9 || total
-------------------------+-------+-------+-------++-------
Melee: Hand axe          |   124 |     8 |       ||   132
       Quarterstaff      |       |    98 |   155 ||   253
       War axe           |       |       |   150 ||   150
Throw: Stone             |       |     2 |       ||     2
       Boomerang         |       |       |    59 ||    59
Invok: Berserk           |     2 |     4 |     9 ||    15
       Trog's Hand       |     1 |     2 |    10 ||    13
  Use: Scroll            |       |       |     6 ||     6
 Stab: Paralysed         |       |     2 |     1 ||     3
Armor: Animal skin       |     7 |       |       ||     7
       Ring mail         |    43 |    47 |    79 ||   169
       Swamp dragon scal |       |       |    32 ||    32
Dodge: Dodged            |   103 |    87 |   181 ||   371

Table legend: (Time is in decaauts)
 A = Elapsed time spent in this place.
 B = Non-inter-level travel time spent in this place.
 C = Inter-level travel time spent in this place.
 D = Time resting spent in this place.
 E = Time spent auto-exploring this place.
 F = Levels seen in this place.
 G = Mean time per level.
                   A        B        C        D        E       F      G
               +--------+--------+--------+--------+--------+-----+--------+
         Total |   9136 |   8881 |    255 |    605 |   6582 |  10 |  913.6 |
       Dungeon |   8738 |   8500 |    238 |    491 |   6434 |   8 | 1092.2 |
        Temple |    166 |    149 |     17 |      0 |    148 |   1 |  166.0 |
         Sewer |    231 |    231 |      0 |    114 |      0 |   1 |  231.0 |
               +--------+--------+--------+--------+--------+-----+--------+

Top non-repeatable levels by time:
     D:6: 1770 daAuts
     D:5: 1455 daAuts
     D:4: 1222 daAuts
     D:7: 1187 daAuts
     D:1: 1134 daAuts
     D:3: 1028 daAuts
     D:2: 843 daAuts
   Sewer: 231 daAuts
  Temple: 166 daAuts
     D:8: 95 daAuts
